 Dungeon Crawl Stone Soup version 0.29.0-4-gdea44cf6ec (webtiles) character file.

Game seed: 7260348875856110092

60 qw the Chopper (level 4, 0/26 HPs)
             Began as a Tengu Warper on Aug 28, 2022.
             Slain by Terence
             ... wielding a +0 falchion
              (1 damage)
             ... on level 3 of the Dungeon.
             The game lasted 00:00:12 (2163 turns).

qw the Chopper (Tengu Warper)                       Turns: 2163, Time: 00:00:13

Health: 0/26       AC:  3    Str: 13    XL:     4   Next: 4%
Magic:  8/8        EV: 12    Int: 13    God:
Gold:   145        SH:  0    Dex: 14    Spells: 7/7 levels left

rFire   . . .      SeeInvis .   Y - +0 hand axe
rCold   + . .      Faith    .   (no shield)
rNeg    . . .      Spirit   .   b - +0 leather armour
rPois   .          Reflect  .   (helmet restricted)
rElec   .          Harm     .   (no cloak)
rCorr   .          Rampage  .   (no gloves)
Will    .....                   (boots unavailable)
Stlth   +.........              (no amulet)
HPRegen 0.08/turn               a - ring of protection from cold
MPRegen 0.11/turn               (no ring)

@: no status effects
A: beak, talons 3
a: no special abilities


You were on level 3 of the Dungeon.
You visited 1 branch of the dungeon, and saw 3 of its levels.

You collected 145 gold pieces.


Innate Abilities, Weirdness & Mutations

You have a beak for a mouth.
You have claws for feet.


   Skills:
 - Level 2.0 Fighting
 + Level 4.6 Axes
 - Level 1.0 Throwing
 - Level 1.1 Armour
 - Level 2.1 Dodging
 - Level 2.0 Spellcasting
 - Level 2.4 Translocations


You had 7 spell levels left.
You didn't know any spells.
Your spell library contained the following spells:

 Spells                   Type           Power      Damage    Failure   Level
 Blink                    Tloc           14%        N/A       19%         2
 Gell's Gravitas          Tloc           7%         N/A       36%         3
 Lesser Beckoning         Tloc           7%         N/A       36%         3
 Teleport Other           Tloc           7%         N/A       36%         3
 Manifold Assault         Tloc           7%         N/A       98%         5

Inventory:

Hand Weapons
 d - a +0 club
 Y - a +0 hand axe (weapon)
Armour
 b - a +0 leather armour (worn)
Jewellery
 a - a ring of protection from cold (left hand)
Scrolls
 e - a scroll of enchant weapon {unknown}
Potions
 c - 2 potions of curing {unknown}
 f - a potion of invisibility {unknown}
 i - 2 potions of haste {unknown}

Dungeon Overview and Level Annotations

Branches:
Dungeon (3/15)

Altars:
Uskayaw

Shops:
D:1 *   D:2 :

Annotations:
D:3 Terence


Message History

A frilled lizard comes into view.
Enter note: You closely miss the frilled lizard.
Your peck misses the frilled lizard. The frilled lizard barely misses you.
You barely miss the frilled lizard. Your peck misses the frilled lizard.
The frilled lizard closely misses you.
You miss the frilled lizard. The frilled lizard barely misses you.
You hit the frilled lizard but do no damage.
You claw the frilled lizard. You peck the frilled lizard.
You kill the frilled lizard!
Terence the Incautious comes into view.
He is wielding a +0 falchion and wearing a +1 ring mail of cold resistance.
Terence shouts!
A hobgoblin comes into view.
The hobgoblin shouts!
You hit Terence but do no damage. Your kick misses Terence.
Your peck misses Terence. Terence hits you with a +0 falchion.
You hit Terence but do no damage. Your kick misses Terence.
Terence barely misses you.
You barely miss Terence. Your kick misses Terence.
Terence hits you with a +0 falchion!
You hit Terence. You peck Terence.
Terence is moderately wounded.
Terence misses you.
You hit Terence but do no damage.
Terence is moderately wounded.
Terence hits you with a +0 falchion.
You hit Terence but do no damage. You claw Terence.
Terence is heavily wounded.
Terence closely misses you.
You hit Terence. You claw Terence, but do no damage.
You peck Terence, but do no damage.
Terence is heavily wounded.
Terence hits you with a +0 falchion!
You hit Terence but do no damage. You claw Terence, but do no damage.
Terence is heavily wounded.
You hit the hobgoblin. Terence hits you with a +0 falchion.
You die...

........######## #.
...............# #.
...............# #.
...............# #.
...............# #.
....##.........# #.
....
#.........#####'#
####. ...
#................
..... ..
#......g@........
.####
........@.........
.#..(
...................
.#..(
...................
.####
..........########
..... ........#
..._. ........#
..... ........#
..... #+###


You could see Terence and a hobgoblin.

Vanquished Creatures
  2 adders
  A worm (D:3)
  A dart slug (D:3)
  4 endoplasms
  2 hobgoblins
  4 jackals (D:3)
  3 kobolds
  2 quokkas (D:2)
  5 ball pythons
  3 frilled lizards
  4 goblins
  5 rats
36 creatures vanquished.

Notes
Turn   | Place    | Note
-------+----------+-------------------------------------------
     0 | D:1      | qw the Tengu Warper began the quest for the Orb.
     0 | D:1      | Reached XP level 1. HP: 12/12 MP: 4/4
     0 | D:1      | 0 ||| qw: Version: 0.1-a-89-g26bdef1
     0 | D:1      | 0 ||| qw: Game counter: 2544
     0 | D:1      | 0 ||| qw: Always use a shield: true
     0 | D:1      | 0 ||| qw: God list: Okawaru
     0 | D:1      | 0 ||| qw: Allow faded altars: false
     0 | D:1      | 0 ||| qw: Do Orc after D:15 true
     0 | D:1      | 0 ||| qw: Do second Lair branch before Depths: true
     0 | D:1      | 0 ||| qw: Lair rune preference: random
     0 | D:1      | 0 ||| qw: Plans: Normal
     0 | D:1      | 0 ||| PLANNING D:1-11
   175 | D:1      | Found a faded altar of an unknown god.
   206 | D:1      | 206 ||| Stepping ~*~*~tactically~*~*~ (stealth).
   233 | D:1      | Found Funib's General Store.
   236 | D:1      | Reached XP level 2. HP: 17/17 MP: 6/6
   240 | D:1      | 240 ||| SHOPLISTING +0 robe of fire resistance (84 gold,
                  | have 78).
   240 | D:1      | 240 ||| SHOPLISTING +3 robe "Sups" {Harm Str-5 Int+4
                  | Slay+3} (365 gold, have 78).
   246 | D:1      | 246 ||| Stepping ~*~*~tactically~*~*~ (stealth).
   247 | D:1      | 247 ||| Stepping ~*~*~tactically~*~*~ (stealth).
   250 | D:1      | Reached skill level 3 in Axes
   594 | D:1      | 594 ||| READING scroll labelled KUASEQ OQYK.
   595 | D:1      | 595 ||| READING scroll labelled BOAXZA BACUGH.
   596 | D:1      | 596 ||| READING scroll labelled KATOWKOUDGH.
   600 | D:1      | 600 ||| READING scroll labelled VIEPRI ZIUROUP.
   601 | D:1      | 601 ||| DROPPING scroll of blinking.
   632 | D:2      | 632 ||| Stepping ~*~*~tactically~*~*~ (stealth).
   633 | D:2      | 633 ||| Stepping ~*~*~tactically~*~*~ (stealth).
  1070 | D:2      | Reached XP level 3. HP: 21/21 MP: 7/7
  1115 | D:2      | 1115 ||| FLEEEEING.
  1173 | D:2      | 1173 ||| Stepping ~*~*~tactically~*~*~ (stealth).
  1174 | D:2      | 1174 ||| Stepping ~*~*~tactically~*~*~ (stealth).
  1181 | D:2      | 1181 ||| Stepping ~*~*~tactically~*~*~ (stealth).
  1190 | D:2      | Found Jowki's Book Shop.
  1254 | D:2      | Reached skill level 4 in Axes
  1544 | D:2      | 1544 ||| UPGRADING to ring of protection from cold.
  1545 | D:2      | 1545 ||| READING scroll labelled RINNIMAYTUMP.
  1694 | D:3      | Noticed a +0 dagger
  1694 | D:3      | Noticed a +0 dagger
  1694 | D:3      | Found a hide-covered altar of Uskayaw.
  1697 | D:3      | 1697 ||| STAIRDANCE
  1709 | D:3      | 1709 ||| STAIRDANCE
  1953 | D:3      | 1953 ||| FLEEEEING.
  1954 | D:3      | 1954 ||| FLEEEEING.
  1956 | D:3      | 1956 ||| FLEEEEING.
  1957 | D:3      | 1957 ||| FLEEEEING.
  1958 | D:3      | 1958 ||| FLEEEEING.
  1959 | D:3      | 1959 ||| FLEEEEING.
  1960 | D:3      | 1960 ||| FLEEEEING.
  1975 | D:3      | 1975 ||| Stepping ~*~*~tactically~*~*~ (hiding).
  1978 | D:3      | 1978 ||| Stepping ~*~*~tactically~*~*~ (hiding).
  1993 | D:3      | Reached XP level 4. HP: 17/26 MP: 8/8
  2150 | D:3      | Noticed Terence
  2162 | D:3      | HP: 1/26 [Terence/+0 falchion (8)]
  2163 | D:3      | Slain by Terence

Levels and vault maps discovered:
D:1:      psy_arrival_dodecagon, layout_rooms, serial_shops, shop,
          chequers_ecumenical_altar_simple_redux,
          hangedman_abyss_or_decor_lesser_grid
D:2:      layout_basic, serial_shops, shop
D:3:      layout_basic, mainiacjoe_overflow_small_starburst,
          dancing_weapons_uskayaw, minitemple, uniq_ijyb, uniq_terence,
          uniq_crazy_yiuf_cottage

Skill      XL: |  1  2  3 |
---------------+----------+-----
Axes           | 3 4 |  4.6
Fighting       | |  2.0
Throwing       | |  1.0
Armour         | |  1.1
Dodging        | |  2.1
Spellcasting   | |  2.0
Translocations | |  2.4

Action                   |  1- 3 |  4- 6 || total
-------------------------+-------+-------++-------
Melee: Hand axe          |    74 |    13 ||    87
       Peck              |     6 |     4 ||    10
       Kick              |    13 |     4 ||    17
Throw: Boomerang         |     7 |       ||     7
  Use: Scroll            |     5 |       ||     5
 Stab: Sleeping          |     1 |       ||     1
Armor: Leather armour    |    12 |       ||    12
Dodge: Dodged            |    41 |     6 ||    47

Table legend:
 A = Non-vault XP
 B = Vault XP
 C = Vault XP percentage of total XP
 D = Non-vault monster count
 E = Vault monster count
 F = Vault count percentage of total count
                 A         B        C        D         E       F
            +---------+---------+-------+---------+---------+-------
      Total |      86 |       0 |   0.0 |      36 |       0 |   0.0
            +---------+---------+-------+---------+---------+-------
        D:1 |      15 |       0 |   0.0 |       9 |       0 |   0.0
        D:2 |      37 |       0 |   0.0 |      16 |       0 |   0.0
        D:3 |      34 |       0 |   0.0 |      11 |       0 |   0.0
            +---------+---------+-------+---------+---------+-------
